[Event "January 2 Late 2024"]
[Site "https://www.chess.com"]
[Date "2024.01.02"]
[Round "9"]
[White "Nithyalakshmi, Sivanesan"]
[Black "Hajiyev, Kanan"]
[Result "0-1"]
[Board "133"]
[TimeControl "180+1"]
[WhiteFideId "5706955"]
[BlackFideId "13404148"]
[WhiteElo "2256"]
[BlackElo "2582"]
[WhiteTeam "MAS"]
[BlackTeam "AZE"]
[WhiteClock "0:00:00"]
[BlackClock "0:01:18"]

1. e4 c6 2. d4 d5 3. exd5 cxd5 4. Bd3 Nc6 5. c3 Qc7 6. Ne2 Nf6 7. Bf4 Qb6 8. Qc2 Bg4 9. Nd2 e6 10. f3 Bh5 11. O-O Be7 12. Rae1 O-O 13. Bg5 Bg6 14. Bxg6 hxg6 15. Nc1 Rac8 16. Qb1 Nh5 17. Bxe7 Nxe7 18. Nd3 Nf5 19. Nb3 Nf6 20. Ne5 Rc7 21. Nc5 Qd6 22. Kh1 b6 23. Ncd3 Nd7 24. Qd1 Nxe5 25. Nxe5 g5 26. Qd2 f6 27. Nd3 Re8 28. Rf2 Kf7 29. f4 g4 30. Rfe2 Rh8 31. Kg1 Re7 32. Qd1 Rh4 33. Rd2 g3 34. h3 Qb8 35. Qf3 Qh8 36. Rde2 Qh5 37. Qxh5+ Rxh5 38. Rd2 Nd6 39. Rde2 Ne4 40. Re3 Rf5 41. Rf3 Kg6 42. Nc1 Kh5 43. Ne2 Kh4 44. Rd1 Rf7 45. Rdd3 g5 46. Nxg3 Nxg3 47. Rxg3 Rxf4 48. Rg4+ Rxg4 49. hxg4 Kxg4 50. Kf2 Rh7 51. Re3 Kf5 52. Rf3+ Kg6 53. Re3 Kf7 54. Kg3 Rh1 55. Re2 Ra1 56. a3 f5 57. Kf3 Kf6 58. Kg3 Rf1 59. Kh2 f4 60. Rd2 Re1 61. Rf2 Kf5 62. Rf3 g4 63. Rd3 Re2 64. b4 f3 0-1

[Event "January 2 Late 2024"]
[Site "https://www.chess.com"]
[Date "2024.01.02"]
[Round "9"]
[White "Cueto, Jonny"]
[Black "Gaal, Zsoka"]
[Result "0-1"]
[Board "134"]
[TimeControl "180+1"]
[WhiteFideId "3300145"]
[BlackFideId "777765"]
[WhiteElo "2249"]
[BlackElo "2456"]
[WhiteTeam "BOL"]
[BlackTeam "HUN"]
[WhiteClock "0:00:00"]
[BlackClock "0:00:07"]

1. d4 e6 2. Bf4 b6 3. e3 Bb7 4. Nf3 Nf6 5. h3 Be7 6. Nbd2 O-O 7. c3 c5 8. Bd3 h6 9. O-O d6 10. Bh2 Nbd7 11. Re1 d5 12. Ne5 Nxe5 13. dxe5 Ne4 14. Bxe4 dxe4 15. Nc4 Qd5 16. Nd6 Bxd6 17. exd6 Rad8 18. b3 Qxd1 19. Raxd1 f6 20. c4 e5 21. Rd2 Rd7 22. Red1 Kf7 23. g3 Ke6 24. f4 exf3 25. Kf2 f5 26. g4 fxg4 27. hxg4 h5 28. gxh5 Rf5 29. Bg3 Rxh5 30. e4 Bxe4 31. Ke3 Bc6 32. Rg1 g5 33. Bf2 Rg7 34. Rg4 Rh3 35. Rd1 Kd7 36. Rd2 e4 37. Bg3 Rh1 38. Bf2 Rf1 39. Bg3 Rg6 40. Bf2 Rxd6 41. Rxd6+ Kxd6 42. Rxg5 Rd1 43. Bg3+ Kd7 44. Rg7+ Ke6 45. Rg6+ Kd7 46. Rg7+ Ke8 47. Rxa7 Rd3+ 48. Kf4 e3 49. Ra8+ Kf7 50. Ra7+ Ke6 51. Bh4 f2 52. Re7+ Kd6 53. Bxf2 exf2 0-1

[Event "January 2 Late 2024"]
[Site "https://www.chess.com"]
[Date "2024.01.02"]
[Round "9"]
[White "Doublekk14"]
[Black "Bouget, Alexandre"]
[Result "0-1"]
[Board "135"]
[TimeControl "180+1"]
[BlackFideId "681318"]
[WhiteElo "2247"]
[BlackElo "2394"]
[BlackTeam "FRA"]
[WhiteClock "0:00:00"]
[BlackClock "0:01:29"]

1. c4 e5 2. Nc3 Nc6 3. e3 Bc5 4. Nf3 d6 5. d4 exd4 6. exd4 Bb6 7. Nd5 Nge7 8. Nxb6 axb6 9. Bd3 Bg4 10. Be3 d5 11. O-O h6 12. h3 Be6 13. b3 O-O 14. Ne5 Nxe5 15. dxe5 dxc4 16. bxc4 Nf5 17. Bxf5 Bxf5 18. c5 b5 19. Qb3 c6 20. Rfd1 Qe7 21. f4 Ra4 22. Rd6 Rfa8 23. g4 Ra3 24. Qd1 Rxe3 25. gxf5 Qh4 26. Qd2 Rxh3 0-1

[Event "January 2 Late 2024"]
[Site "https://www.chess.com"]
[Date "2024.01.02"]
[Round "9"]
[White "HouseOfDurin"]
[Black "Ambrogi, Agustin"]
[Result "0-1"]
[Board "136"]
[TimeControl "180+1"]
[BlackFideId "170933"]
[WhiteElo "2239"]
[BlackElo "2372"]
[BlackTeam "ARG"]
[WhiteClock "0:00:09"]
[BlackClock "0:00:46"]

1. d4 d5 2. Bg5 f6 3. Bh4 Nh6 4. f3 c5 5. c3 cxd4 6. cxd4 Qb6 7. Qd2 Nc6 8. Bf2 Bf5 9. e3 Nb4 10. Na3 Rc8 11. Bb5+ Nc6 12. Ne2 e6 13. O-O Bxa3 14. Bxc6+ Rxc6 15. bxa3 Rc2 16. Qd1 Qb2 17. Ng3 Rd2 18. Qa4+ Kf7 19. Qd7+ Kg6 20. e4 dxe4 21. fxe4 Bg4 22. Rab1 Qxa2 23. Rxb7 Rg8 24. Rxa7 Be2 25. Nxe2 Rxe2 26. h3 Qc2 27. Qxe6 Rxe4 28. Qd5 Rge8 29. g4 Nxg4 30. hxg4 Rxg4+ 31. Kh1 Ree4 32. Ra5 Rh4+ 33. Kg2 Reg4+ 34. Kf3 Qd3+ 35. Be3 Qxf1+ 36. Bf2 Qd3+ 37. Be3 Qd1+ 38. Kf2 Rh2+ 0-1

[Event "January 2 Late 2024"]
[Site "https://www.chess.com"]
[Date "2024.01.02"]
[Round "9"]
[White "Romero Ruscalleda, Josep"]
[Black "Yushko, Olga"]
[Result "0-1"]
[Board "137"]
[TimeControl "180+1"]
[WhiteFideId "2231859"]
[BlackFideId "14114500"]
[WhiteElo "2313"]
[BlackElo "2202"]
[WhiteTeam "ESP"]
[BlackTeam "UKR"]
[WhiteClock "0:00:01"]
[BlackClock "0:00:06"]

1. e4 e6 2. d4 d5 3. e5 c5 4. c3 Nc6 5. Be3 Qb6 6. Qd2 cxd4 7. cxd4 Nge7 8. Nf3 Nf5 9. Bd3 Be7 10. Nc3 O-O 11. Bxf5 exf5 12. Nxd5 Qd8 13. Nxe7+ Nxe7 14. O-O Nd5 15. Bg5 Qb6 16. Qc2 h6 17. Bd2 Be6 18. b3 Rac8 19. Qd3 Rcd8 20. Rfc1 Ne7 21. Qc3 Nc6 22. Be3 Rd5 23. h4 Rc8 24. Qb2 Rcd8 25. Rc2 Nb4 26. Rc3 R5d7 27. d5 Qa6 28. dxe6 Qxe6 29. Rc4 Nd3 30. Qc3 Rd5 31. Rd4 Nxe5 32. Nxe5 Qxe5 33. Rad1 Rxd4 34. Bxd4 Qe4 35. Qe3 Qc6 36. Rc1 Qd5 37. Bxa7 b5 38. Bb6 Rb8 39. Qc5 Qe4 40. Ba7 Re8 41. Qxb5 f4 42. Qc5 f3 43. gxf3 Qxf3 44. Qd4 Re4 45. Qd8+ Kh7 46. Qd6 Rg4+ 47. Kf1 Qh1+ 48. Ke2 Qxc1 49. Qd3+ g6 50. Qf3 Qc2+ 51. Kf1 Qc1+ 52. Ke2 Qc2+ 53. Kf1 Qb1+ 54. Ke2 Re4+ 55. Kd2 Qe1+ 56. Kc2 Re2+ 57. Kd3 Qd1+ 58. Kc4 Rc2+ 59. Kb4 Qd6+ 60. Ka4 Qc6+ 61. Kb4 Qxf3 62. Kb5 Rxa2 63. b4 Rxa7 64. Kb6 Rb7+ 65. Ka6 Qc6+ 66. Ka5 Qb5# 0-1

[Event "January 2 Late 2024"]
[Site "https://www.chess.com"]
[Date "2024.01.02"]
[Round "9"]
[White "Pepino, Enrico"]
[Black "Kornyukov, Alexey"]
[Result "1-0"]
[Board "138"]
[TimeControl "180+1"]
[WhiteFideId "810908"]
[BlackFideId "4150457"]
[WhiteElo "2064"]
[BlackElo "2307"]
[WhiteTeam "ITA"]
[BlackTeam "RUS"]
[WhiteClock "0:01:01"]
[BlackClock "0:00:00"]

1. c4 e6 2. Nc3 d5 3. d4 c6 4. e3 Nf6 5. Nf3 Nbd7 6. Qc2 Bd6 7. b3 O-O 8. Bd3 e5 9. cxd5 cxd5 10. dxe5 Nxe5 11. Nxe5 Bxe5 12. Bb2 Bg4 13. O-O Rc8 14. Qd2 Qc7 15. Nb5 Bxh2+ 16. Kh1 Qb8 17. Bxf6 gxf6 18. g3 Bxg3 19. fxg3 Qxg3 20. Qg2 Qh4+ 21. Qh2 Qxh2+ 22. Kxh2 a6 23. Nd4 Rc3 24. Rg1 h5 25. Bf5 Rxe3 26. Bxg4 hxg4 27. Rxg4+ Kh7 28. Rh1 1-0

[Event "January 2 Late 2024"]
[Site "https://www.chess.com"]
[Date "2024.01.02"]
[Round "9"]
[White "Bazzano, Sebastian"]
[Black "Carrillo Marval, Maria Angelica"]
[Result "1-0"]
[Board "139"]
[TimeControl "180+1"]
[WhiteFideId "104566"]
[BlackFideId "3911853"]
[WhiteElo "2285"]
[BlackElo "2098"]
[WhiteTeam "ARG"]
[BlackTeam "PAN"]
[WhiteClock "0:00:21"]
[BlackClock "0:00:08"]

1. d4 Nf6 2. Bf4 g6 3. Nc3 Bg7 4. e4 d6 5. Qd2 O-O 6. O-O-O Nbd7 7. Nf3 c5 8. dxc5 Nxc5 9. e5 Nfe4 10. Nxe4 Nxe4 11. Qe3 Bf5 12. g4 Nxf2 13. Qxf2 Bxg4 14. Kb1 Qa5 15. h3 Be6 16. a3 dxe5 17. Bc1 Rad8 18. Bg2 h6 19. Rhe1 a6 20. Qh4 Rxd1 21. Rxd1 h5 22. Qxe7 e4 23. Ng5 Bf5 24. Nxe4 Qe5 25. Qxe5 Bxe5 26. Nc5 b6 27. Nxa6 Ra8 28. Bxa8 Kg7 1-0

[Event "January 2 Late 2024"]
[Site "https://www.chess.com"]
[Date "2024.01.02"]
[Round "9"]
[White "Kotlyar, Kirill"]
[Black "Burke, Paul"]
[Result "1-0"]
[Board "141"]
[TimeControl "180+1"]
[WhiteFideId "24145599"]
[BlackFideId "2605767"]
[WhiteElo "2505"]
[BlackElo "1944"]
[WhiteTeam "RUS"]
[BlackTeam "CAN"]
[WhiteClock "0:00:11"]
[BlackClock "0:00:00"]

1. e4 e5 2. Nf3 Nc6 3. Bb5 f5 4. d3 Nf6 5. Nc3 Be7 6. O-O O-O 7. exf5 d6 8. d4 e4 9. Ng5 Bxf5 10. Re1 d5 11. f3 exf3 12. Nxf3 Bg4 13. Bxc6 bxc6 14. Qd3 Bxf3 15. Qxf3 Ne4 16. Qe3 Bg5 17. Qh3 Bxc1 18. Raxc1 Qf6 19. Nxe4 dxe4 20. Qe3 Rae8 21. Rf1 Qe7 22. Rxf8+ Qxf8 23. Re1 Qb4 24. b3 Qe7 25. c4 h6 26. h3 Qa3 27. Re2 Qd6 28. Qf2 Qa3 29. Qf4 Qe7 30. Qf5 e3 31. Qf3 Qe6 32. d5 Qe5 33. dxc6 Qa1+ 34. Kh2 Qe5+ 35. g3 Qe6 36. Qd5 Qxd5 37. cxd5 Kf7 38. Kg2 Rd8 39. Rxe3 Rxd5 40. Re4 Rc5 41. Rc4 Rd5 42. Kf3 Rd2 43. a4 Rd3+ 44. Kf4 Rxb3 45. h4 Rb6 46. g4 Ra6 47. h5 Ra5 48. Kf3 Rd5 49. Kf4 Rd6 50. Ke5 Re6+ 51. Kd5 Rd6+ 52. Kc5 Rd1 53. Kb5 Rb1+ 54. Ka6 Rb6+ 55. Kxa7 Kf6 56. a5 Rb5 57. a6 Kg5 58. Ka8 Kf6 59. a7 Kg5 60. Rd4 Kf6 61. Rd8 1-0

[Event "January 2 Late 2024"]
[Site "https://www.chess.com"]
[Date "2024.01.02"]
[Round "9"]
[White "Sreyas Payyappat"]
[Black "Jose Iraeta, Alejandro"]
[Result "0-1"]
[Board "142"]
[TimeControl "180+1"]
[WhiteFideId "46674969"]
[BlackFideId "2226537"]
[WhiteElo "2434"]
[BlackElo "2204"]
[WhiteTeam "IND"]
[BlackTeam "ESP"]
[WhiteClock "0:00:09"]
[BlackClock "0:00:30"]

1. e4 e5 2. Nf3 d5 3. Nxe5 Bd6 4. d4 dxe4 5. Nxf7 Kxf7 6. Qh5+ g6 7. Qd5+ Kf8 8. Bc4 Qe7 9. Bg5 Qd7 10. O-O h6 11. Bh4 g5 12. f3 Bxh2+ 13. Kxh2 Qxd5 14. fxe4+ Qf5 15. exf5 gxh4 16. Nc3 Nf6 17. Rae1 c6 18. Be6 Bxe6 19. fxe6 Ke7 20. d5 cxd5 21. Rxf6 Kxf6 22. Nxd5+ Kg7 23. Rf1 Nc6 24. Rf7+ Kg6 25. Rxb7 Rae8 26. Rc7 Nd4 27. e7 Nf5 28. c4 Rh7 29. Rc6+ Kg5 30. Nf6 Rexe7 31. Nxh7+ Rxh7 32. c5 Rb7 33. b3 Re7 34. Rc8 Ng3 35. b4 Re1 36. Rg8+ Kh5 37. Rxg3 hxg3+ 38. Kxg3 Re2 39. c6 Rxa2 40. Kf4 Rxg2 41. Ke5 Rc2 42. Kd6 Kg4 43. Kd7 h5 44. c7 h4 45. c8=Q Rxc8 46. Kxc8 h3 47. Kb7 h2 48. Kxa7 h1=Q 49. b5 Qa1+ 50. Kb7 Qa5 51. b6 Kf5 52. Kc7 Qc5+ 53. Kb7 Ke6 54. Ka8 Qa5+ 55. Kb8 Qxb6+ 56. Ka8 Qb5 0-1

[Event "January 2 Late 2024"]
[Site "https://www.chess.com"]
[Date "2024.01.02"]
[Round "9"]
[White "Keller, Peter"]
[Black "Sanchez Alvares, Kelvin Antonio"]
[Result "1-0"]
[Board "143"]
[TimeControl "180+1"]
[WhiteFideId "1272105"]
[BlackFideId "3906680"]
[WhiteElo "2198"]
[BlackElo "2389"]
[WhiteTeam "GER"]
[BlackTeam "VEN"]
[WhiteClock "0:00:23"]
[BlackClock "0:00:00"]

1. e4 c5 2. Nf3 e6 3. g3 Nc6 4. Bg2 Nf6 5. Qe2 Be7 6. O-O d5 7. e5 Nd7 8. c3 a6 9. d4 cxd4 10. cxd4 b5 11. h4 Bb7 12. Nc3 Qb6 13. Ng5 Nxd4 14. Qh5 g6 15. Qg4 Bxg5 16. Bxg5 Nxe5 17. Qd1 O-O 18. Bf6 Nec6 19. Qd2 Nf5 20. g4 Ng7 21. Bxd5 exd5 22. Nxd5 Qc5 23. Rac1 Qd6 24. Ne7+ Qxe7 25. Bxe7 Nxe7 26. Rc7 Rad8 27. Qc1 Nd5 28. Rxb7 Ne6 29. Rd1 1-0

[Event "January 2 Late 2024"]
[Site "https://www.chess.com"]
[Date "2024.01.02"]
[Round "9"]
[White "Negron Lizarazo, Juan Sebastian"]
[Black "Novak, Ratko"]
[Result "0-1"]
[Board "144"]
[TimeControl "180+1"]
[WhiteFideId "3936910"]
[BlackFideId "14511827"]
[WhiteElo "2179"]
[BlackElo "2354"]
[WhiteTeam "COL"]
[BlackTeam "CRO"]
[WhiteClock "0:00:37"]
[BlackClock "0:01:26"]

1. e4 d5 2. e5 c5 3. d4 cxd4 4. Qxd4 Nc6 5. Qa4 e6 6. Bb5 Bd7 7. Nf3 a6 8. Bxc6 bxc6 9. Qg4 f5 10. Qh5+ g6 11. Qh3 c5 12. O-O Bg7 13. Bg5 Qb6 14. b3 h6 15. Be3 Qc7 16. Bf4 g5 17. Qh5+ Kf8 18. Be3 Be8 19. Qh3 g4 20. Qh4 gxf3 21. Qg3 fxg2 22. Kxg2 Bxe5 23. Bxc5+ Kf7 24. Qe3 Bxa1 25. Re1 Qc6 26. c3 d4+ 27. Qf3 Qxf3+ 28. Kxf3 Bc6+ 29. Kf4 Bxc3 30. Nxc3 dxc3 31. Bd4 Nf6 32. Rc1 Rhd8 33. Bxc3 Nd5+ 0-1

[Event "January 2 Late 2024"]
[Site "https://www.chess.com"]
[Date "2024.01.02"]
[Round "9"]
[White "Kubatko, Ivan"]
[Black "th3d4rkness"]
[Result "0-1"]
[Board "145"]
[TimeControl "180+1"]
[WhiteFideId "24111473"]
[WhiteElo "2328"]
[BlackElo "2154"]
[WhiteTeam "RUS"]
[WhiteClock "0:00:00"]
[BlackClock "0:00:09"]

1. e4 c5 2. c3 d5 3. exd5 Qxd5 4. d4 Nc6 5. Nf3 Bg4 6. Be2 e6 7. h3 Bh5 8. O-O cxd4 9. cxd4 Nf6 10. Nc3 Qd6 11. Qb3 Qb4 12. g4 Bg6 13. Bb5 Qxb3 14. axb3 Bd6 15. Ne5 Bxe5 16. dxe5 Nd7 17. f4 Bc2 18. Be3 a6 19. Be2 Bxb3 20. Ne4 O-O 21. Nd6 b5 22. Rfc1 Bd5 23. Ra3 f6 24. exf6 Nxf6 25. Rca1 Rfd8 26. Nxb5 Nb4 27. Nd4 Ne4 28. Ra4 Rab8 29. Bxa6 Nxa6 30. Rxa6 Rxb2 31. Nxe6 Ng3 32. Bf2 Ne2+ 33. Kf1 Rc8 34. Nd4 Nxd4 35. Bxd4 Bg2+ 36. Ke1 Rb4 37. Ra8 Bxa8 38. Be3 Be4 39. Bd2 Rbc4 40. Ra7 Bd5 41. f5 h6 0-1

[Event "January 2 Late 2024"]
[Site "https://www.chess.com"]
[Date "2024.01.02"]
[Round "9"]
[White "Ivanov, Aleksandr"]
[Black "Harish, Neeraj"]
[Result "0-1"]
[Board "146"]
[TimeControl "180+1"]
[WhiteFideId "2092980"]
[BlackFideId "30958130"]
[WhiteElo "2145"]
[BlackElo "2251"]
[WhiteTeam "USA"]
[BlackTeam "USA"]
[WhiteClock "0:00:00"]
[BlackClock "0:01:09"]

1. d4 d5 2. c4 e6 3. Nc3 Nf6 4. cxd5 exd5 5. Bg5 h6 6. Bxf6 Qxf6 7. Nxd5 Qd8 8. Nc3 Bb4 9. e3 O-O 10. Nf3 c5 11. Be2 Nc6 12. dxc5 Qa5 13. Qb3 Be6 14. Bc4 Bxc3+ 15. bxc3 Bxc4 16. Qxc4 Rac8 17. O-O Ne7 18. Rab1 Rxc5 19. Qe4 Rc7 20. Rxb7 Qxc3 21. Rxc7 Qxc7 22. Nd4 Ng6 23. Rb1 Qa5 24. Qc2 Rd8 25. h3 Qa6 26. Qb3 Ne5 27. a4 Nc6 28. Nb5 Qc8 29. Rc1 Qd7 0-1

[Event "January 2 Late 2024"]
[Site "https://www.chess.com"]
[Date "2024.01.02"]
[Round "9"]
[White "Petersson, Kjell"]
[Black "Minina, Veronika"]
[Result "0-1"]
[Board "147"]
[TimeControl "180+1"]
[WhiteFideId "1705148"]
[BlackFideId "4174780"]
[WhiteElo "2121"]
[BlackElo "2250"]
[WhiteTeam "SWE"]
[BlackTeam "RUS"]
[WhiteClock "0:00:12"]
[BlackClock "0:00:21"]

1. d4 Nf6 2. Bf4 g6 3. Nc3 d5 4. e3 Bg7 5. Nb5 Na6 6. Nc3 O-O 7. Bxa6 bxa6 8. Be5 c6 9. Qd2 a5 10. Na4 Ne4 11. Qe2 f6 12. Bg3 e5 13. f3 Nd6 14. O-O-O Rb8 15. b3 Qe7 16. Qf1 Nc4 17. Nc5 Nxe3 18. Qe2 Nxd1 19. Qxd1 Rb5 20. a4 Rxc5 21. dxc5 Qxc5 22. Kb1 f5 23. Nh3 e4 24. fxe4 fxe4 25. Qc1 Qc3 26. Qa3 e3 27. Be1 Qd4 28. Bxa5 Bf5 29. Re1 e2 30. Ka2 Bxc2 31. Rxe2 Qa1# 0-1

[Event "January 2 Late 2024"]
[Site "https://www.chess.com"]
[Date "2024.01.02"]
[Round "9"]
[White "Smirnov, Timofey"]
[Black "Rose, Felix"]
[Result "0-1"]
[Board "148"]
[TimeControl "180+1"]
[WhiteFideId "24176427"]
[BlackFideId "5105722"]
[WhiteElo "1999"]
[BlackElo "2227"]
[WhiteTeam "RUS"]
[BlackTeam "MEX"]
[WhiteClock "0:00:00"]
[BlackClock "0:00:43"]

1. d4 Nf6 2. Bf4 d5 3. e3 e6 4. Nd2 Bd6 5. Bg3 O-O 6. Ngf3 c5 7. c3 b6 8. Ne5 Bb7 9. Ndf3 Nc6 10. Bb5 Ne7 11. Nd7 Nxd7 12. Bxd6 cxd4 13. exd4 Nf6 14. Be5 Ng6 15. Bg3 Ne4 16. O-O Nxg3 17. hxg3 Qc7 18. Re1 a6 19. Bd3 b5 20. a3 Bc6 21. Bxg6 hxg6 22. Ne5 a5 23. Qg4 Rfb8 24. Re3 Be8 25. Rae1 b4 26. Nxg6 fxg6 27. Qxe6+ Bf7 28. Qg4 bxa3 29. bxa3 Qc8 30. Qf4 Qf5 31. Qd6 Qf6 32. Qd7 Rd8 33. Qg4 Qf5 34. Qd1 g5 35. Rf3 Qd7 36. Rfe3 Re8 37. Qc1 Rxe3 38. Rxe3 Qd6 39. Rf3 g4 40. Rf4 Be6 41. Qe3 Rf8 42. Rxf8+ Kxf8 0-1

[Event "January 2 Late 2024"]
[Site "https://www.chess.com"]
[Date "2024.01.02"]
[Round "9"]
[White "Alves Campelo, Danilo Cesar De L"]
[Black "Guevara Sanchez, Erick Marvin"]
[Result "1-0"]
[Board "149"]
[TimeControl "180+1"]
[WhiteFideId "2123657"]
[BlackFideId "6700136"]
[WhiteElo "1952"]
[BlackElo "2221"]
[WhiteTeam "BRA"]
[BlackTeam "ESA"]
[WhiteClock "0:00:04"]
[BlackClock "0:00:10"]

1. e4 c5 2. Nf3 d6 3. d4 cxd4 4. Nxd4 Nf6 5. Nc3 a6 6. Bg5 e6 7. f4 h6 8. Bxf6 Qxf6 9. Qd2 Qd8 10. O-O-O Be7 11. Kb1 Nd7 12. a3 O-O 13. Bc4 Qc7 14. Ba2 Nc5 15. f5 b5 16. Rhf1 e5 17. Nd5 Qd8 18. Nc6 Bg5 19. Nxd8 Bxd2 20. Ne7+ Kh7 21. Nxf7 Nxe4 22. Bd5 Ra7 23. Bxe4 d5 24. Nxd5 Raxf7 25. Rxd2 Rd7 26. f6+ g6 27. Rd3 Bb7 28. Nc3 Rxd3 29. cxd3 Bc8 30. Nd5 Be6 31. Ne7 Bf7 32. h4 h5 33. g4 Kh6 34. g5+ Kh7 35. Rc1 a5 36. Rc7 b4 37. Nc6 b3 38. Nxe5 Kg8 39. Nxf7 Rb8 40. Nh6+ Kf8 41. Rg7 Rb5 42. Rg8# 1-0

[Event "January 2 Late 2024"]
[Site "https://www.chess.com"]
[Date "2024.01.02"]
[Round "9"]
[White "Desideri, Ricardo Maruchi"]
[Black "hoshiboshi"]
[Result "0-1"]
[Board "150"]
[TimeControl "180+1"]
[WhiteFideId "2110440"]
[WhiteElo "1992"]
[BlackElo "2134"]
[WhiteTeam "BRA"]
[WhiteClock "0:00:00"]
[BlackClock "0:00:17"]

1. e4 c5 2. Nf3 d6 3. d4 cxd4 4. Nxd4 Nf6 5. Nc3 a6 6. Rg1 e5 7. Nb3 Be6 8. g4 d5 9. exd5 Nxd5 10. Ne4 Nc6 11. Bd2 Be7 12. Qe2 O-O 13. O-O-O Qc7 14. Kb1 b5 15. g5 Rfb8 16. Nf6+ Nxf6 17. gxf6 Bxf6 18. Bg2 a5 19. Nc5 Bc4 20. Qf3 Nd4 21. Qxf6 gxf6 22. Bxa8+ Kf8 23. Bh6+ Ke7 24. Be4 Qxc5 25. Bxh7 a4 26. c3 Ne2 27. Bf5 Nxg1 28. Rd7+ Ke8 0-1

[Event "January 2 Late 2024"]
[Site "https://www.chess.com"]
[Date "2024.01.02"]
[Round "9"]
[White "Piscicelli, Daniel Orlando"]
[Black "Reinecke, Katharina"]
[Result "0-1"]
[Board "151"]
[TimeControl "180+1"]
[WhiteFideId "101958"]
[BlackFideId "12929727"]
[WhiteElo "2365"]
[BlackElo "2019"]
[WhiteTeam "ARG"]
[BlackTeam "GER"]
[WhiteClock "0:00:08"]
[BlackClock "0:01:24"]

1. e4 c6 2. d4 d5 3. exd5 cxd5 4. Bd3 Nc6 5. Nf3 Nf6 6. O-O Bg4 7. c3 Qc7 8. Bg5 e6 9. Nbd2 Be7 10. Qc2 h6 11. Bxf6 Bxf6 12. h3 Bxf3 13. Nxf3 O-O 14. Rfe1 Rac8 15. Rac1 a6 16. a3 b5 17. Qd2 Na5 18. Qd1 Nc4 19. Bxc4 bxc4 20. Qa4 Qb6 21. Qb4 Rb8 22. Ra1 a5 23. Qxb6 Rxb6 24. Re2 Rfb8 25. Rb1 a4 26. Ne1 Be7 27. Nc2 Rb3 28. Nb4 Bxb4 29. axb4 a3 30. Rc2 a2 31. Ra1 Ra8 32. Kf1 f6 33. Ke2 Kf7 34. Ke3 e5 35. f3 Ke6 36. g4 Kd6 37. f4 exd4+ 38. Kxd4 Re8 39. Rxa2 Re4# 0-1

[Event "January 2 Late 2024"]
[Site "https://www.chess.com"]
[Date "2024.01.02"]
[Round "9"]
[White "Anna20240"]
[Black "Sarquis, Maria Belen"]
[Result "0-1"]
[Board "152"]
[TimeControl "180+1"]
[BlackFideId "111805"]
[WhiteElo "1871"]
[BlackElo "2221"]
[BlackTeam "ARG"]
[WhiteClock "0:00:00"]
[BlackClock "0:00:14"]

1. d4 Nf6 2. c4 e6 3. Nf3 d5 4. g3 Be7 5. Bg2 O-O 6. Nbd2 dxc4 7. Nxc4 c5 8. O-O Nc6 9. Be3 Nd5 10. dxc5 Nxe3 11. Nxe3 Bxc5 12. Nc4 Qe7 13. a3 a6 14. b4 Ba7 15. Qc2 Bd7 16. Rfd1 Rac8 17. Qd3 Rc7 18. Nce5 Nxe5 19. Nxe5 Bb5 20. Qd2 Rfc8 21. Nd3 Rc2 22. Qf4 Rxe2 23. Nc5 Bxc5 24. bxc5 h6 25. Rac1 Ra2 26. Qb4 Qf6 27. f4 Qb2 28. Qxb2 Rxb2 29. Bxb7 Rc7 30. Bf3 Ra2 31. Rd8+ Kh7 32. Be4+ g6 33. Rdd1 Rxa3 34. Bg2 Ra2 35. c6 a5 36. Rd7 Rc8 37. Rdd1 Kg7 38. c7 Kf6 39. Rd8 Ba6 40. Rxc8 Bxc8 41. Rd1 Rc2 42. Rd8 Rxc7 43. Bf1 a4 44. Rd1 Ra7 45. Ra1 Bd7 46. Bc4 Kf5 47. Ra3 Ke4 48. Kf2 Kd4 49. Be2 Kc5 50. Bd1 Kb4 51. Ra1 Bb5 52. Ke3 a3 53. Kd4 Rd7+ 54. Ke3 Bc4 55. Rb1+ Kc3 56. Rc1+ Kb4 57. Rb1+ Kc5 58. Rc1 Rd3+ 59. Kf2 a2 60. Be2 Rd4 0-1

[Event "January 2 Late 2024"]
[Site "https://www.chess.com"]
[Date "2024.01.02"]
[Round "9"]
[White "Gulamirian, Korun"]
[Black "yujiarun18"]
[Result "0-1"]
[Board "153"]
[TimeControl "180+1"]
[WhiteFideId "4144899"]
[WhiteElo "1600"]
[BlackElo "2146"]
[WhiteTeam "RUS"]
[WhiteClock "0:00:21"]
[BlackClock "0:00:14"]

1. e4 c5 2. Nf3 d6 3. d4 cxd4 4. Nxd4 Nf6 5. Nc3 a6 6. Be3 e5 7. Nb3 Be6 8. f3 Be7 9. Qd2 O-O 10. O-O-O Nbd7 11. g4 b5 12. a3 Nb6 13. h4 Nc4 14. Bxc4 Bxc4 15. h5 a5 16. g5 Nd7 17. g6 f5 18. gxh7+ Kh8 19. h6 g6 20. exf5 Rxf5 21. f4 Kxh7 22. Nd5 Bf8 23. Kb1 a4 24. Nc1 Rc8 25. Ne2 Bxd5 26. Qxd5 exf4 27. Nxf4 Rxd5 28. Nxd5 Nf6 29. Bg5 Be7 30. Nxe7 Qxe7 31. Rhf1 Rf8 32. Rxd6 Qxd6 33. Bc1 Ne4 34. Re1 Nd2+ 35. Ka1 Nc4 36. Kb1 Rf7 37. Re8 b4 38. Re4 Nb6 39. Rxb4 Nd7 40. Rxa4 Rf1 41. Ra7 Qd1 42. Ka2 Qxc1 43. Rxd7+ Kxh6 44. Rd3 Qxc2 45. Rc3 Qe4 46. Kb3 Qd5+ 47. Kb4 Rf4+ 0-1

[Event "January 2 Late 2024"]
[Site "https://www.chess.com"]
[Date "2024.01.02"]
[Round "9"]
[White "Oliveira, Tiago Batista"]
[Black "Vargas, Mauricio"]
[Result "1-0"]
[Board "154"]
[TimeControl "180+1"]
[WhiteFideId "2108291"]
[BlackFideId "4404572"]
[WhiteElo "2024"]
[BlackElo "1829"]
[WhiteTeam "BRA"]
[BlackTeam "COL"]
[WhiteClock "0:00:34"]
[BlackClock "0:00:17"]

1. d4 d5 2. c4 c6 3. g3 e6 4. Nf3 Nf6 5. Bg2 Ne4 6. O-O Nd7 7. b3 f5 8. Qd3 Bd6 9. Ba3 Qe7 10. Bxd6 Qxd6 11. Nc3 O-O 12. Rad1 Ndf6 13. Ne5 Bd7 14. f3 Ng5 15. h4 Nf7 16. Nxd7 Qxd7 17. e4 fxe4 18. fxe4 Nh6 19. Bh3 dxe4 20. Nxe4 Nf5 21. Nc5 Qc7 22. Nxe6 Qxg3+ 23. Qxg3 Nxg3 24. Rf3 Nfh5 25. Nxf8 Rxf8 26. Be6+ Rf7 27. Bxf7+ Kf8 28. Bxh5+ Ke7 29. Rxg3 Kf6 30. Rf1+ Ke6 31. Re3+ Kd6 32. Rf8 g6 33. Bg4 h5 34. Rf6+ Kc7 35. c5 hxg4 36. Re7+ Kd8 37. Rxb7 Kc8 38. Rh7 1-0

[Event "January 2 Late 2024"]
[Site "https://www.chess.com"]
[Date "2024.01.02"]
[Round "10"]
[White "Nihal Sarin"]
[Black "Nakamura, Hikaru"]
[Result "1/2-1/2"]
[Board "1"]
[TimeControl "180+1"]
[WhiteFideId "25092340"]
[BlackFideId "2016192"]
[WhiteElo "3207"]
[BlackElo "3283"]
[WhiteTeam "IND"]
[BlackTeam "USA"]
[WhiteClock "0:00:06"]
[BlackClock "0:00:05"]

1. e4 e5 2. Nf3 Nc6 3. Bb5 Nf6 4. d3 Bc5 5. Bg5 O-O 6. Nc3 h6 7. Bh4 Be7 8. Bxc6 dxc6 9. Bg3 Bg4 10. Bxe5 Nd7 11. Bf4 f5 12. h3 fxe4 13. Nxe4 Bxf3 14. Qxf3 g5 15. Qh5 Rxf4 16. Qg6+ Kh8 17. Qxh6+ Kg8 18. Qg6+ Kh8 19. g3 Rxe4+ 20. dxe4 Qg8 21. Qh6+ Qh7 22. Qxh7+ Kxh7 23. O-O-O Bd6 24. Rhf1 Re8 25. Rde1 Nc5 26. e5 Rxe5 27. Rxe5 Bxe5 28. Re1 Bd6 29. Re8 a5 30. Kd2 Kg7 31. b3 Kf7 32. Ra8 b6 33. Ke3 Kf6 34. Rg8 Ne6 35. c3 Be5 36. Kd2 Nc5 37. Rf8+ Ke7 38. Rf5 Ke6 39. g4 Bf6 40. f3 Ke7 41. Ke3 Ne6 42. h4 gxh4 43. Rh5 Bxc3 44. f4 c5 45. f5 Ng7 46. Rxh4 b5 47. Rh6 Bf6 48. Kf4 Bb2 49. g5 Ne8 50. Re6+ Kd7 51. Re2 Bd4 52. Rd2 Ke7 53. Re2+ Kd7 54. Kg4 c4 55. bxc4 bxc4 56. Kh5 c3 57. Kg6 Nd6 58. f6 Kc6 59. f7 Nxf7 60. Kxf7 Kd5 61. g6 Kc4 62. Rg2 Kd3 63. Rg3+ Kd2 64. Rg2+ Kd3 65. Rg3+ Kd2 66. Rg2+ Kd1 67. g7 Bxg7 68. Rg1+ Kd2 69. Rg2+ Kc1 70. Kxg7 c2 71. Rg5 Kb2 72. Rb5+ Kxa2 73. Rxa5+ Kb2 74. Rb5+ Kc3 75. Rc5+ Kd2 76. Rxc7 c1=Q 77. Rxc1 Kxc1 1/2-1/2